 Dungeon Crawl Stone Soup version 0.26-a0-23-g3ae7099 (webtiles) character file.

Game seed: 5930902528831556203, levelgen mode: deterministic

30 BlueFish the Grasshopper (level 3, -4/24 HPs)
             Began as an Octopode Warper on May 27, 2020.
             Killed from afar by Sigmund (10 damage)
             ... with a magic dart
             ... on level 2 of the Dungeon.
             The game lasted 00:02:25 (927 turns).

BlueFish the Grasshopper (Octopode Warper)           Turns: 927, Time: 00:02:25

Health: -4/24      AC:  1    Str: 11    XL:     3   Next: 18%
Magic:  12/15      EV: 14    Int: 15    God:
Gold:   60         SH:  0    Dex: 11    Spells: 4/6 levels left

rFire    . . .     SeeInvis .     - Unarmed
rCold    . . .     Gourm    .   (no shield)
rNeg     . . .     Faith    .   (helmet restricted)
rPois    .         Spirit   .   (no amulet)
rElec    .         Reflect  .   l - ring of magical power
rCorr    .         Harm     .   (no ring)
MR       .....                  (no ring)
Stlth    ++........             (no ring)
HPRegen  0.08/turn              (no ring)
MPRegen  0.14/turn              (no ring)
                                (no ring)
                                (no ring)

@: brilliant, shrouded
A: almost no armour, stealthy swim, amphibious, 8 rings, constrict 8, camouflage
1, gelatinous body 1
a: no special abilities


You were on level 2 of the Dungeon.
You were not hungry.

You visited 1 branch of the dungeon, and saw 2 of its levels.

You collected 60 gold pieces.

Inventory:

Missiles
 c - 5 boomerangs of dispersal (quivered)
 f - 34 arrows
 h - 24 stones
Jewellery
 l - a ring of magical power (left tentacle)
 o - an uncursed ring of magical power
Scrolls
 a - 4 scrolls of identify {unknown}
 b - a scroll of blinking
 i - a scroll of enchant weapon {unknown}
 m - a scroll of remove curse {unknown}
Potions
 g - a potion of flight {unknown}
 j - a potion of might {unknown}
 k - a potion of degeneration {unknown}
Comestibles
 d - 4 rations
 n - a chunk of flesh


   Skills:
 * Level 2.2 Fighting
 * Level 1.3 Throwing
 * Level 2.9 Dodging
 * Level 0.9 Stealth
 * Level 2.4 Unarmed Combat
 + Level 2.0 Spellcasting
 + Level 3.0 Translocations


You had 4 spell levels left.
You knew the following spells:

 Your Spells              Type           Power        Failure   Level  Hunger
a - Shroud of Golubria    Chrm/Tloc      #.....       19%         2    None

Your spell library contained the following spells:

 Spells                   Type           Power        Failure   Level  Hunger
 Blink                    Tloc           N/A          10%         2    None
 Gell's Gravitas          Tloc           ###.......   19%         3    None
 Lesser Beckoning         Tloc           ###.......   19%         3    None
 Teleport Other           Tloc           ###.....     19%         3    None
 Passage of Golubria      Tloc           N/A          54%         4    None


Dungeon Overview and Level Annotations

Branches:
Dungeon (2/15)

Altars:

Annotations:
D:2 Sigmund


Innate Abilities, Weirdness & Mutations

You cannot wear most types of armour.
You are very stealthy in the water. (Stealth+)
You are amphibious.
You can wear up to eight rings at the same time.
You can use your tentacles to constrict eight enemies at once.
Your skin changes colour to match your surroundings (Stealth+).
Your rubbery body absorbs attacks. (AC +1, EV +1)


Message History

You're too confused to cast spells.
You bump into the rock wall.
Something hits you.
You bump into the rock wall.
You bump into the rock wall.
Something hits you.
You barely miss something. Your squeeze misses something. Something hits you.
* * * LOW HITPOINT WARNING * * *
You bump into the rock wall.
It was a potion of brilliance.
You feel clever all of a sudden.
You feel less confused.
You hear a zap.
A puff of flame appears from out of thin air!
The puff of flame misses you.
Casting: Shroud of Golubria (safe; 19% risk of failure)
Confirm with . or Enter, or press ? or * to list all spells.
You feel a surge of power!
Space distorts slightly along a thin shroud covering your body.
You hear some strange, mumbled words.
A magic dart appears from out of thin air!
The magic dart hits you!
You die...

#........######.###
#.....$.... #.# ..
#.........## .#.# .#
#.......... ..#.######.#
#.........#.#.#.......>#
..............#.....)..#
...{........#..........#
#{# #.#........# #.#@#
#.#........#
#.#.#####...#...#### .
#.......#.####....#
..####.###.#.......#.#
...........#########.#
........##.### #####.#
.............# #.....#
.........#######.#####
....)....# #.......#


There were no monsters in sight!

Vanquished Creatures
  2 dart slugs
  3 leopard geckos
  A giant cockroach (D:1)
  2 hobgoblins
  A bat (D:1)
  6 frilled lizards
  4 goblins (D:1)
  4 kobolds
23 creatures vanquished.

Notes
Turn   | Place    | Note
-------+----------+-------------------------------------------
     0 | D:1      | BlueFish the Octopode Warper began the quest for the Orb.
     0 | D:1      | Reached XP level 1. HP: 14/14 MP: 3/3
   153 | D:1      | Reached XP level 2. HP: 19/19 MP: 5/5
   157 | D:1      | Learned a level 2 spell: Shroud of Golubria
   877 | D:2      | Reached XP level 3. HP: 24/24 MP: 6/6
   908 | D:2      | Noticed Sigmund
   927 | D:2      | Killed from afar by Sigmund

Illustrated notes

Levels and vault maps discovered:
D:1:      dpeg_arrival_short_road, layout_loops_ring, chequers_mini_garden,
          st_stairs_8
D:2:      layout_basic, uniq_sigmund

Action                   || total
-------------------------++-------
Melee: Unarmed           ||    59
       Constrict         ||    17
       Tentacles         ||     6
 Cast: Shroud of Golubri ||     3
  Use: Potion            ||     1
 Stab: Sleeping          ||     5
Dodge: Dodged            ||    34

Table legend:
 A = Non-vault XP
 B = Vault XP
 C = Vault XP percentage of total XP
 D = Non-vault monster count
 E = Vault monster count
 F = Vault count percentage of total count
                 A         B        C        D         E       F
            +---------+---------+-------+---------+---------+-------
      Total |      42 |       1 |   2.3 |      22 |       1 |   4.3
            +---------+---------+-------+---------+---------+-------
        D:1 |      27 |       1 |   3.6 |      16 |       1 |   5.9
        D:2 |      15 |       0 |   0.0 |       6 |       0 |   0.0
            +---------+---------+-------+---------+---------+-------
